 Dungeon Crawl Stone Soup version 0.21.1-1-g345015f (webtiles) character file.

249 Mgcat the Skirmisher (level 6, 0/73 HPs)
             Began as a Human Berserker on Mar 2, 2018.
             Was a Believer of Trog.
             Succumbed to a worker ant's poison
             ... on level 4 of the Dungeon.
             The game lasted 00:05:59 (2506 turns).

Mgcat the Skirmisher (Human Berserker)              Turns: 2506, Time: 00:06:00

Health: 0/73       AC:  6    Str: 25    XL:     6   Next: 34%
Magic:  6/6        EV: 17    Int:  8    God:    Trog [**....]
Gold:   106        SH:  0    Dex: 18    Spells: 5/5 levels left

rFire    . . .     SeeInvis .   l - +1 whip (drain)
rCold    . . .     Gourm    .   (no shield)
rNeg     . . .     Faith    .   d - +0 ring mail
rPois    .         Spirit   .   m - +1 hat
rElec    .         Reflect  .   (no cloak)
rCorr    .         Harm     .   (no gloves)
MR       .....                  (no boots)
Stlth    ..........             (no amulet)
HPRegen  0.22/turn              r - +2 ring of strength
MPRegen  0.10/turn              (no ring)

@: agile, berserking, lethally poisoned (0 -> -1), flying, very quick
A: no striking features
a: Berserk, Trog's Hand, Burn Spellbooks, Renounce Religion


You were on level 4 of the Dungeon.
You worshipped Trog.
Trog was pleased with you.
You were near starving.

You visited 1 branch of the dungeon, and saw 4 of its levels.

You collected 106 gold pieces.

Inventory:

Hand Weapons
 a - a +1 hand axe
 l - a +1 whip of draining (weapon)
   (You took it off a gnoll on level 2 of the Dungeon)
 s - a +0 morningstar of holy wrath
   (You took it off an orc priest on level 4 of the Dungeon)
Missiles
 g - 7 tomahawks (quivered)
Armour
 d - a +0 ring mail (worn)
   (You found it on level 1 of the Dungeon)
 m - a +1 hat (worn)
   (You found it on level 2 of the Dungeon)
 n - a +2 helmet
   (You took it off Robin on level 2 of the Dungeon)
Jewellery
 r - a +2 ring of strength (left hand)
   (You found it on level 3 of the Dungeon)
Scrolls
 b - a scroll of random uselessness {unknown}
 h - 2 scrolls of identify
 k - 2 scrolls of remove curse
 q - a scroll of enchant armour {unknown}
Potions
 e - a potion of agility
 f - a potion of brilliance {unknown}
 i - a potion of heal wounds {unknown}
 o - a potion of might {unknown}
 p - a potion of flight
Comestibles
 c - 2 rations
 j - 3 chunks of flesh {@w0}


   Skills:
 + Level 4.6 Fighting
 + Level 4.5 Axes
 - Level 3.0 Throwing
 - Level 2.0 Armour
 - Level 2.0 Dodging


You had 5 spell levels left.
You didn't know any spells.

Dungeon Overview and Level Annotations

Branches:
Dungeon (4/15)
 Temple: D:4-7

Altars:
Okawaru

Annotations:
D:3 shugdite's ghost, amateur MiFi


Message History

You barely miss the jackal.
The jackal is almost dead.
The jackal barely misses you. The jackal misses you.
The jackal barely misses you.
You hit the jackal.
You kill the jackal!
Trog accepts your kill. The jackal bites you.
You closely miss the worker ant. The worker ant misses you.
The jackal closely misses you.
You hit the worker ant.
The worker ant is lightly wounded.
The jackal bites you. The worker ant closely misses you.
The jackal barely misses you. The worker ant barely misses you.
You whack the worker ant!
The worker ant is severely wounded.
The jackal barely misses you.
The worker ant bites you but does no damage.
You closely miss the worker ant.
The worker ant is severely wounded.
The jackal closely misses you. The worker ant bites you.
You are poisoned.
The worker ant poisons you! The jackal bites you.
You barely miss the worker ant.
The worker ant is severely wounded.
You feel sick. The worker ant bites you.
You are more poisoned.
The worker ant poisons you! The jackal barely misses you.
You hit the worker ant.
The worker ant is almost dead.
You feel sick. The worker ant misses you.
The jackal bites you but does no damage.
You closely miss the worker ant.
The worker ant is almost dead.
You feel sick. The jackal barely misses you. The worker ant barely misses you.
Ijyb hits you but does no damage. The jackal bites you.
The worker ant bites you.
You hit the worker ant but do no damage.
You drain the worker ant!
You kill the worker ant!
Trog accepts your kill.
You feel the effects of Trog's Hand fading.
You feel sick. The jackal misses you.
Ijyb zaps a wand.
The puff of flame hits you!
It is a wand of flame (26).
You are too injured to fight recklessly!
You are too injured to fight recklessly!
You are too injured to fight recklessly!
You are too injured to fight recklessly!
You feel sick.
You feel sick.
The jackal bites you but does no damage.
You feel sick.
You closely miss the jackal.
You feel sick. The jackal bites you. The jackal closely misses you.
You hit the jackal.
The jackal is severely wounded.
Your skin stops crawling.
You feel less resistant to hostile enchantments.
The jackal closely misses you.
You feel agile all of a sudden.
You feel sick.
The jackal bites you but does no damage.
It was a potion of flight.
You feel very buoyant.
You fly up into the air.
You feel sick. The jackal closely misses you. The jackal barely misses you.
You miss the jackal.
The jackal is severely wounded.
The jackal bites you.
You hit the jackal.
You kill the jackal!
Trog accepts your kill.
You feel sick.
You hit Ijyb. You drain Ijyb!
Ijyb is moderately wounded.
Ijyb zaps a wand.
The puff of flame misses you.
You hit Ijyb but do no damage. You drain Ijyb!
Ijyb is heavily wounded.
You feel sick.
Ijyb zaps a wand.
The puff of flame hits you!
* * * LOW HITPOINT WARNING * * *
You hit Ijyb.
Ijyb is heavily wounded.
Ijyb zaps a wand.
The puff of flame misses you.
You hit Ijyb. You drain Ijyb!
Ijyb is severely wounded.
You feel sick.
Ijyb zaps a wand.
The puff of flame hits you!
* * * LOW HITPOINT WARNING * * *
A red film seems to cover your vision as you go berserk!
You feel yourself moving faster!
You feel mighty!
You are near starving!
Ijyb zaps a wand.
The puff of flame hits you!
* * * LOW HITPOINT WARNING * * *
You whack Ijyb!
You feel the power of Trog in you as your rage grows.
You kill Ijyb!
Trog accepts your kill.
Training target 3.0 for Throwing reached!
Your Throwing skill increases to level 3!
You are too berserk!
You die...

####### #.....##
#.#†...# #..<#..#
#.#.###..#
#...)@...#######
#.#.##.........#
#....+.........+
###.##.......$.#
#.##.........#
#..+..........(...
####..............
#.........##...
#.........# ..


There were no monsters in sight!

Vanquished Creatures
  An orc priest (D:4)
  Ijyb (D:4)
  An iguana (D:4)
  A worker ant (D:4)
  Robin (D:2)
  4 gnolls (D:2)
  2 adders (D:2)
  A dart slug (D:2)
  A leopard gecko (D:2)
  7 orcs (D:3)
  3 giant cockroaches
  11 hobgoblins
  4 jackals (D:4)
  7 ball pythons
  6 bats
  2 frilled lizards (D:2)
  11 goblins
  6 kobolds
  4 rats
74 creatures vanquished.

Notes
Turn   | Place    | Note
-------+----------+-------------------------------------------
     0 | D:1      | Mgcat the Human Berserker began the quest for the Orb.
     0 | D:1      | Reached XP level 1. HP: 18/18 MP: 1/1
   279 | D:1      | Reached XP level 2. HP: 24/24 MP: 2/2
   821 | D:2      | Reached skill level 1 in Throwing
   821 | D:2      | Reached XP level 3. HP: 23/29 MP: 3/3
   835 | D:2      | Reached XP level 4. HP: 13/37 MP: 4/4
  1139 | D:2      | Reached ** piety under Trog
  1140 | D:2      | Noticed Robin
  1149 | D:2      | Killed Robin
  1315 | D:2      | Reached skill level 4 in Fighting
  1315 | D:2      | Reached skill level 4 in Axes
  1315 | D:2      | Reached skill level 2 in Throwing
  1315 | D:2      | Reached XP level 5. HP: 33/42 MP: 5/5
  1854 | D:3      | Found an iron altar of Okawaru.
  2004 | D:3      | Noticed shugdite's ghost (amateur MiFi)
  2438 | D:4      | Reached XP level 6. HP: 49/49 MP: 6/6
  2463 | D:4      | Noticed Ijyb
  2503 | D:4      | HP: 6/49 [Ijyb/wand of flame (23) (7)]
  2504 | D:4      | HP: 1/73 [Ijyb/wand of flame (22) (8)]
  2505 | D:4      | Killed Ijyb
  2505 | D:4      | Reached skill level 3 in Throwing
  2506 | D:4      | Succumbed to a worker ant's poison

Skill      XL: |  1  2  3  4  5  6 |
---------------+-------------------+-----
Throwing       | 1 2 3 |  3.0
Fighting       | 4 |  4.6
Axes           | 4 |  4.5
Armour         | |  2.0
Dodging        | |  2.0

Action                   |  1- 3 |  4- 6 || total
-------------------------+-------+-------++-------
Melee: Hand axe          |    52 |       ||    52
       Whip              |       |   174 ||   174
Throw: Tomahawk          |       |     1 ||     1
Invok: Berserk           |       |     2 ||     2
       Trog's Hand       |       |     1 ||     1
  Use: Scroll            |     2 |     3 ||     5
       Potion            |       |     2 ||     2
  Eat: Chunk             |       |     6 ||     6
Armor: Ring mail         |    15 |    63 ||    78
Dodge: Dodged            |    22 |   115 ||   137

Vault maps used:
D:1:      minmay_arrival_stone_box, minmay_liquid_box
D:2:      kennysheep_crisscross, minmay_shallow_snake_nest, uniq_robin
D:3:      okawaru_gym_becter, serial_park_tiny_1, grunt_decor_arrowhead
D:4:      uniq_duvessa, uniq_ijyb

Table legend:
 A = Turns spent in this place as a percentage of turns spent in the entire game.
 B = Non-inter-level travel turns spent in this place as a percentage of non-inter-level travel turns spent in the entire game.
 C = Inter-level travel turns spent in this place as a percentage of turns spent in this place.
 D = Turns resting spent in this place as a percentage of non-inter-level travel turns spent in this place.
 E = Turns spent auto-exploring this place as a percentage of non-inter-level travel turns spent in this place.
 F = Non-inter-level travel turns spent in this place divided by the number of levels of this place that you've seen.
                   A       B       C       D       E      F
               +-------+-------+-------+-------+-------+----------------------
         Total | 100.0 | 100.0 |   3.0 |   0.2 |  79.8 | 607.8
       Dungeon | 100.0 | 100.0 |   3.0 |   0.2 |  79.8 | 607.8
               +-------+-------+-------+-------+-------+----------------------

Table legend:
 A = Kills in this place as a percentage of kills in entire the game.
 B = Kills by you in this place as a percentage of kills by you in the entire game.
 C = Kills by friends in this place as a percentage of kills by friends in the entire game.
 D = Other kills in this place as a percentage of other kills in the entire game.
 E = Experience gained in this place as a percentage of experience gained in the entire game.
 F = Experience gained in this place divided by the number of levels of this place that you have seen.
                   A       B       C       D       E      F
               +-------+-------+-------+-------+-------+----------------------
         Total | 100.0 | 100.0 |   N/A |   N/A | 100.0 |  89.0
       Dungeon | 100.0 | 100.0 |   N/A |   N/A | 100.0 |  89.0
               +-------+-------+-------+-------+-------+----------------------
